 Dungeon Crawl Stone Soup version 0.32-a0-468-g38b2580584 (webtiles) character file.

Game seed: 4218314487966705587

1216 timneilson the Ruffian (level 8, -7/54 HPs)
             Began as an Octopode Shapeshifter on Feb 24, 2024.
             Mangled by an iguana (13 damage)
             ... on level 7 of the Dungeon.
             The game lasted 00:08:30 (4837 turns).

timneilson the Ruffian (Octopode Shapeshifter)      Turns: 4837, Time: 00:08:30

Health: -7/54      AC:  1    Str: 21    XL:     8   Next: 46%
Magic:  8/8        EV: 14    Int: 19    God:
Gold:   355        SH:  0    Dex: 11    Spells: 7/7 levels left

rFire   . .          .
                       - Unarmed
rCold   . . .        (no shield)
rNeg    + + .        (helmet currently unavailable)
rPois   .            (no amulet)
rElec   .            e - +6 ring of strength
rCorr   +            l - ring of positive energy
SInv    .            j - ring of resist corrosion
Will    +....        o - ring of willpower
Stlth   ++++         k - ring of the Voivode {rN+ Int+6}
HPRegen 0.29/turn    (no ring)
MPRegen 0.11/turn    (no ring)
                     (no ring)

%: no passive effects
@: beast-form
A: beast (slay +2), almost no armour, amphibious, 8 rings, camouflage 1,
gelatinous body 1, (nimble swimmer 1), tentacles
a: Begin Untransformation


You were on level 7 of the Dungeon.
You were a hulking beast.
You visited 2 branches of the dungeon, and saw 8 of its levels.

You collected 355 gold pieces.

Inventory:

Missiles
 g - 14 poisoned darts (quivered)
Jewellery
 e - a +6 ring of strength (left tentacle)
 f - a ring of ice
 j - a ring of resist corrosion (on tentacle)
 k - the ring of the Voivode (on tentacle) {rN+ Int+6}
   (You found it on level 7 of the Dungeon)

   [ring of intelligence]

   Int+6:     It affects your intelligence (+6).
   rN+:       It protects you from negative energy.
 l - a ring of positive energy (right tentacle)
 o - a ring of willpower (on tentacle)
Talismans
 b - a beast talisman (active)
 c - a flux talisman
Scrolls
 i - a scroll of immolation
 r - a scroll of teleportation
Potions
 a - 3 potions of lignification
 d - 3 potions of brilliance
 h - a potion of ambrosia
 m - a potion of enlightenment {unknown}
 n - a potion of berserk rage {unknown}
 q - 2 potions of attraction


   Skills:
 * Level 4.6 Fighting
 * Level 4.9 Dodging
 + Level 4.6 Stealth
 * Level 5.5 Unarmed Combat
 * Level 5.1 Shapeshifting


You had 7 spell levels left.
You didn't know any spells.
Your spell library contained the following spells:

 Spells                   Type           Power      Damage    Failure   Level
 Tukima's Dance           Hex            0%         N/A       52%         3
 Passage of Golubria      Tloc           0%         N/A       90%         4
 Vhi's Electric Charge    Tloc/Air       0%         N/A       90%         4
 Arcjolt                  Conj/Air       0%         1d10      99%         5
 Yara's Violent Unravell  Hex/Alch       0%         3d3       99%         5
 Maxwell's Capacitive Co  Air            0%         ∞         100%        8


Dungeon Overview and Level Annotations

Branches:
Dungeon (7/15)             Temple (1/1) D:6

Altars:
Cheibriados
Dithmenos
Elyvilon
Fedhas
Hepliaklqana
Kikubaaqudgha
Makhleb
Nemelex Xobeh
Okawaru
Qazlal
Ru
Sif Muna
Uskayaw
Wu Jian
Xom
Zin

Shops:
D:5 *

Annotations:
D:2 1 runed translucent door, Crazy Yiuf


Innate Abilities, Weirdness & Mutations

You are a hulking beast.
Your limbs bulge with bestial killing power. (Slay +2)
You cannot wear most types of armour.
You are amphibious.
You can wear up to eight rings at the same time.
Your skin changes colour to match your surroundings (Stealth+).
Your rubbery body absorbs attacks. (AC +1, EV +1)
((You are camouflaged when in or above water. (Stealth+)))
You have tentacles for arms and can constrict up to eight enemies at once.


Message History

a +0 whip; a +0 robe You completely miss the gnoll.
Your grab misses the gnoll.
The gnoll hits you from afar with a +0 spear!
* * * LOW HITPOINT WARNING * * *
An iguana comes into view.
The gnoll closely misses you.
You barely miss the gnoll.
The iguana hisses angrily.
You grab the gnoll. You constrict the gnoll.
The gnoll hits you from afar with a +0 spear.
* * * LOW HITPOINT WARNING * * *
The gnoll barely misses you.
You are confused.
You feel invigorated.
You constrict the gnoll. The gnoll misses you. The gnoll closely misses you.
You're too confused to move!
You constrict the gnoll. The gnoll closely misses you.
The gnoll hits you with a +0 halberd.
You tentacle-slap the gnoll. You squeeze the gnoll.
You kill the gnoll!
The gnoll hits you from afar with a +0 spear.
* * * LOW HITPOINT WARNING * * *
You bump into the rock wall.
You feel less invigorated.
You feel less confused.
The gnoll hits you from afar with a +0 spear.
* * * LOW HITPOINT WARNING * * *
The gnoll closely misses you.
Things that are here:
a +0 halberd; a gnoll corpse You completely miss the gnoll.
You grab the gnoll. You constrict the gnoll.
The gnoll hits you with a +0 spear.
* * * LOW HITPOINT WARNING * * *
You bludgeon the gnoll! You squeeze the gnoll.
You kill the gnoll!
The iguana bites you.
* * * LOW HITPOINT WARNING * * *
You see here a +0 spear.
You tentacle-slap the iguana. Your grab misses the iguana.
The iguana is lightly wounded.
The iguana bites you!
You die...

### ..#
#.# #l#
#h# #)#
#)# #.#
#.# #.####
#.)..#
+....#####
+........#


You could see an iguana.

Vanquished Creatures
  A water moccasin (D:7)
  A black bear (D:6)
  An ice beast (D:6)
  Blork the orc (D:4)
  3 scorpions
  A bombardier beetle (D:5)
  A gnoll bouda (D:7)
  2 hounds (D:5)
  2 jellies
  An orc priest (D:6)
  Jessica (D:3)
  Natasha (thrice) (D:3)
  2 iguanas (D:5)
  An orc wizard (D:6)
  Terence (D:3)
  8 gnolls
  6 adders
  A white imp (D:6)
  6 ufetubi
  A ribbon worm (D:2)
  2 dart slugs
  17 orcs
  4 ball pythons
  8 endoplasms
  6 giant cockroaches
  10 goblins
  10 hobgoblins
  2 jackals (D:3)
  3 kobolds
  5 quokkas
  9 bats
  3 frilled lizards
  8 rats
131 creatures vanquished.

Vanquished Creatures (others)
  An orc (D:3)
  A rat (D:3)
2 creatures vanquished.

Grand Total: 133 creatures vanquished

Notes
Turn   | Place    | Note
-------+----------+-------------------------------------------
     0 | D:1      | timneilson the Octopode Shapeshifter began the quest for
                  | the Orb.
     0 | D:1      | Reached XP level 1. HP: 13/13 MP: 1/1
   144 | D:1      | Reached XP level 2. HP: 11/18 MP: 2/2
   332 | D:1      | Reached skill level 1 in Stealth
   430 | D:1      | Reached XP level 3. HP: 23/23 MP: 3/3
   907 | D:2      | Reached XP level 4. HP: 22/29 MP: 4/4
  1108 | D:2      | Found a shimmering altar of Xom.
  1172 | D:2      | Found a runed translucent door.
  1173 | D:2      | Noticed Crazy Yiuf
  1222 | D:3      | Noticed Jessica
  1228 | D:3      | Noticed Natasha
  1230 | D:3      | Killed Jessica
  1242 | D:3      | Killed Natasha
  1243 | D:3      | Reached XP level 5. HP: 24/35 MP: 5/5
  1373 | D:3      | Found a sacrificial altar of Ru.
  1386 | D:3      | Noticed Natasha
  1395 | D:3      | Killed Natasha
  1492 | D:3      | Noticed Natasha
  1500 | D:3      | Killed Natasha
  1564 | D:3      | Noticed Terence
  1571 | D:3      | Killed Terence
  1784 | D:3      | Found a shimmering altar of Xom.
  1794 | D:3      | Reached XP level 6. HP: 37/41 MP: 6/6
  2127 | D:4      | Found a snail-covered altar of Cheibriados.
  2346 | D:4      | Noticed Blork the orc
  2353 | D:4      | Killed Blork the orc
  2817 | D:5      | Entered Level 5 of the Dungeon
  2859 | D:5      | Reached XP level 7. HP: 35/46 MP: 7/7
  2899 | D:5      | Identified the +7 hand axe "Octopus's Curse" {spect, *Slow
                  | rElec rPois rC+}
  2943 | D:5      | Found a stormy altar of Qazlal.
  2985 | D:5      | Found Puan's Assorted Antiques.
  3059 | D:5      | Found a sparkling altar of Nemelex Xobeh.
  3643 | D:6      | Found an ornate altar of the Wu Jian Council.
  3788 | D:6      | Reached skill level 5 in Unarmed Combat
  3788 | D:6      | Reached XP level 8. HP: 27/54 MP: 8/8
  4016 | D:6      | Found a staircase to the Ecumenical Temple.
  4025 | Temple   | Entered the Ecumenical Temple
  4552 | D:7      | Reached skill level 5 in Shapeshifting
  4552 | D:7      | Identified the ring of the Voivode {rN+ Int+6}
  4837 | D:7      | Mangled by an iguana

Illustrated notes

Levels and vault maps discovered:
D:1:      dpeg_arrival_shrine, layout_loops_ring
D:2:      layout_rooms, basic_altar, uniq_crazy_yiuf_cottage
D:3:      layout_loops_ring, nicolae_ru_sacrificial_ziggurat,
          xom_confusion_cloud, uniq_natasha, uniq_jessica, uniq_terence
D:4:      layout_basic, cheibriados_altar_1, uniq_blork_the_orc
D:5:      wander_river, layout_rooms, mainiacjoe_overflow_brackets,
          mainiacjoe_overflow_boulevard, serial_shops,
          nicolae_shop_window_shopping, fountainhead
D:6:      layout_gridville, nzn_wu_jian_contemplation, temple_pool_b,
          kennysheep_generic_room_11
D:7:      layout_basic, mainiacjoe_overflow_big_doors, minivault_25
Temple:   zaba_magenta_temple

Skill      XL: |  1  2  3  4  5  6  7  8 |
---------------+-------------------------+-----
Stealth        | 1 2 3 4 |  4.6
Fighting       | 2 3 4 |  4.6
Dodging        | 3 4 |  4.9
Unarmed Combat | 4 5 |  5.5
Shapeshifting  | 4 5 |  5.1

Action                     |  1- 3 |  4- 6 |  7- 9 || total
---------------------------+-------+-------+-------++-------
  Melee: Unarmed           |    67 |    96 |    97 ||   260
         Constrict         |    15 |    26 |    30 ||    71
         Tentacles         |    10 |    20 |    25 ||    55
         Punch             |     2 |     3 |     6 ||    11
  Throw: Dart              |       |     9 |       ||     9
    Use: Scroll            |     2 |     5 |     3 ||    10
         Potion            |       |       |     1 ||     1
   Stab: Sleeping          |     9 |     6 |     4 ||    19
         Distracted        |     1 |       |       ||     1
 Armour: Skin              |    14 |    44 |    45 ||   103
  Dodge: Dodged            |    44 |    59 |    62 ||   165

Table legend: (Time is in decaauts)
 A = Elapsed time spent in this place.
 B = Non-inter-level travel time spent in this place.
 C = Inter-level travel time spent in this place.
 D = Time resting spent in this place.
 E = Time spent auto-exploring this place.
 F = Levels seen in this place.
 G = Mean time per level.
                   A        B        C        D        E       F      G
               +--------+--------+--------+--------+--------+-----+--------+
         Total |   4814 |   4686 |    128 |    363 |   3266 |   8 |  601.8 |
       Dungeon |   4813 |   4685 |    128 |    363 |   3266 |   7 |  687.6 |
        Temple |      1 |      1 |      0 |      0 |      0 |   1 |    1.0 |
               +--------+--------+--------+--------+--------+-----+--------+

Top non-repeatable levels by time:
     D:6: 948 daAuts
     D:3: 913 daAuts
     D:1: 775 daAuts
     D:5: 761 daAuts
     D:4: 689 daAuts
     D:2: 428 daAuts
     D:7: 297 daAuts
  Temple: 1 daAuts
